 Dungeon Crawl Stone Soup version 0.21-a0-426-g98080a9 (webtiles) character file.

32 Atlas the Firebug (level 3, -1/19 HPs)
             Began as a Tengu Fire Elementalist on Nov 6, 2017.
             Was an Initiate of Vehumet.
             Slain by a leopard gecko (3 damage)
             ... on level 2 of the Dungeon on Nov 7, 2017.
             The game lasted 00:02:22 (1161 turns).

Atlas the Firebug (Tengu Fire Elementalist)         Turns: 1161, Time: 00:02:22

Health: -1/19      AC:  2    Str:  8    XL:     3   Next: 27%
Magic:  1/7        EV: 12    Int: 16    God:    Vehumet [......]
Gold:   130        SH:  0    Dex: 14    Spells: 5/6 levels left

rFire    . . .     SeeInvis .   (no weapon)
rCold    . . .     Gourm    .   (no shield)
rNeg     . . .     Faith    .   a - +0 robe
rPois    .         Spirit   .   (helmet restricted)
rElec    .         Reflect  .   (no cloak)
rCorr    .         Harm     .   (no gloves)
MR       .....                  (boots unavailable)
Stlth    ++........             (no amulet)
HPRegen  0.06/turn              (no ring)
MPRegen  0.10/turn              (no ring)

@: very slightly contaminated
A: beak, talons 3
a: Renounce Religion


You were on level 2 of the Dungeon.
You worshipped Vehumet.
Vehumet was noncommittal.
You were not hungry.

You visited 1 branch of the dungeon, and saw 2 of its levels.

You collected 130 gold pieces.

Inventory:

Armour
 a - a +0 robe (worn)
Scrolls
 d - 3 scrolls of identify {unknown}
 g - a scroll of teleportation {unknown}
 k - a scroll of magic mapping {unknown}
 m - a scroll of fear {unknown}
Potions
 e - 3 potions of heal wounds {unknown}
 j - a potion of curing {unknown}
 l - a potion of might {unknown}
 n - a potion of brilliance {unknown}
Books
 b - a book of Flames

   Spells                             Type                      Level
   a - Flame Tongue                   Conjuration/Fire             1
   b - Throw Flame                    Conjuration/Fire             2
   c - Conjure Flame                  Conjuration/Fire             3
   d - Inner Flame                    Hexes/Fire                   3
   e - Sticky Flame                   Conjuration/Fire             4
   f - Fireball                       Conjuration/Fire             5
Comestibles
 c - 3 bread rations
 f - 3 chunks of flesh
 h - a meat ration
 i - a fruit


   Skills:
 + Level 2.2 Dodging
 + Level 2.4 Stealth
 + Level 0.6 Unarmed Combat
 + Level 2.4 Spellcasting
 + Level 1.5 Conjurations
 + Level 3.9 Fire Magic


You had 5 spell levels left.
You knew the following spells:

 Your Spells              Type           Power        Failure   Level  Hunger
a - Flame Tongue          Conj/Fire      ##...        7%          1    #......


Dungeon Overview and Level Annotations

Branches:
Dungeon (2/15)

Altars:
Hepliaklqana
Vehumet
Yredelemnul


Innate Abilities, Weirdness & Mutations

You have a beak for a mouth.
You have claws for feet.


Message History

The leopard gecko closely misses you. The ball python bites you.
* * * LOW HITPOINT WARNING * * *
The ball python constricts you.
Some of the chunks of flesh in your inventory have rotted away.
Casting: Flame Tongue
Confirm with . or Enter, or press ? or * to list all spells.
Aiming: Flame Tongue
Press: ? - help, Shift-Dir - straight line, f/p - ball python
Aim: a ball python (constricting you)
The flame tongue hits the ball python.
You kill the ball python!
Vehumet accepts your kill. The leopard gecko barely misses you.
Casting: Flame Tongue
Confirm with . or Enter, or press ? or * to list all spells.
You don't have enough magic to cast that spell.
Unknown command.
You barely miss the leopard gecko. Your kick misses the leopard gecko.
The leopard gecko bites you.
You die...

#.##.....#
####..#.....
...........
......$...#
..........# #........#
#.....l..# #.....@..#
#........##
#########.#..#
#..........(.#
#.#######.##.######
#.......#.........##
#.......####.#.##..#
#..##.#....#<#.#...###
##.#.###.#.#....._...#


You could see a leopard gecko.

Vanquished Creatures
  2 worms (D:2)
  2 dart slugs (D:1)
  2 giant cockroaches (D:1)
  5 goblins (D:1)
  2 hobgoblins
  2 ball pythons
  4 bats
  4 frilled lizards
  3 rats (D:1)
26 creatures vanquished.

Notes
Turn   | Place    | Note
-------+----------+-------------------------------------------
     0 | D:1      | Atlas the Tengu Fire Elementalist began the quest for the Orb.
     0 | D:1      | Reached XP level 1. HP: 10/10 MP: 4/4
   323 | D:1      | Reached XP level 2. HP: 8/15 MP: 1/6
  1040 | D:2      | Found a radiant altar of Vehumet.
  1046 | D:2      | Found a basalt altar of Yredelemnul.
  1046 | D:2      | Found a hazy altar of Hepliaklqana.
  1052 | D:2      | Became a worshipper of Vehumet
  1058 | D:2      | Reached XP level 3. HP: 19/19 MP: 4/7
  1161 | D:2      | Slain by a leopard gecko

Vault maps used:
D:1:      minmay_arrival_checkered_box
D:2:      lightli_temple_of_fire, grunt_temple_overflow_open,
          corexii_hall_statues_deadend, minmay_tripent

Action                   || total
-------------------------++-------
Melee: Unarmed           ||    23
       Kick              ||     4
       Peck              ||     2
 Cast: Flame Tongue      ||    44
 Stab: Sleeping          ||     1
  Eat: Chunk             ||     1
Armor: Robe              ||    12
Dodge: Dodged            ||    29

Table legend:
 A = Spawn XP
 B = Non-spawn XP
 C = Spawn XP percentage of total XP
 D = Spawn monster count
 E = Non-spawn monster count
 F = Spawn count percentage of total count
 G = Total turns spent on level
                    A         B        C        D         E        F      G
               +---------+---------+-------+---------+---------+-------+---------
         Total |       0 |      47 |   0.0 |       0 |      26 |   0.0 |  1161
               +---------+---------+-------+---------+---------+-------+---------
           D:1 |       0 |      32 |   0.0 |       0 |      20 |   0.0 |  1040
           D:2 |       0 |      15 |   0.0 |       0 |       6 |   0.0 |   121
               +---------+---------+-------+---------+---------+-------+---------
